 Dungeon Sprint DCSS version 0.27.1 (webtiles) character file.

Game seed: 15409987512616396643

4795 styxcanada the Imperceptible (level 10, -4/53 HPs)
             Began as a Spriggan Brigand on Aug 30, 2021.
             Was an Initiate of Gozag.
             Slain by a demonic crawler (7 damage)
             ... in the Dungeon (Sprint IV: "Fedhas' Mad Dash").
             The game lasted 00:07:26 (1445 turns).

styxcanada the Imperceptible (Spriggan Brigand)     Turns: 1445, Time: 00:07:26

Health: -4/53      AC:  3    Str:  7    XL:     10   Next: 24%
Magic:  11/11      EV: 26    Int: 12    God:    Gozag
Gold:   1496       SH:  8    Dex: 21    Spells: 9/9 levels left

rFire    . . .     SeeInvis +   a - +2 dagger
rCold    . . .     Faith    .   m - +0 buckler
rNeg     . . .     Spirit   .   b - +0 robe
rPois    .         Reflect  .   (helmet restricted)
rElec    .         Harm     .   c - +0 cloak
rCorr    .         Rampage  .   (gloves unavailable)
Will     +....     NoTele   +   (boots unavailable)
Stlth    +++++++++.             l - amulet of invisibility {+Inv}
HPRegen  0.17/turn              (no ring)
MPRegen  0.12/turn              (no ring)

@: slightly contaminated, invisible, very quick
A: very small, no large weapons, unfitting armour, see invisible, speed 3
a: Renounce Religion, Evoke Invisibility, Potion Petition, Call Merchant, Bribe
Branch


You were in the Dungeon.
You worshipped Gozag.
Gozag was most pleased with you.
You visited 1 branch You collected 1919 gold pieces.
You spent 423 gold pieces at shops.

Inventory:

Hand Weapons
 a - a +2 dagger (weapon)
Missiles
 d - 15 poisoned darts (quivered)
 e - 2 curare-tipped darts
 n - 16 stones
Armour
 b - a +0 robe (worn)
 c - a +0 cloak (worn)
 m - a +0 buckler (worn)
Jewellery
 l - the amulet of invisibility (around neck) {+Inv}
   (You found it in the Dungeon)

   [amulet of nothing]

   +Inv:      It lets you turn invisible.
Scrolls
 k - a scroll of blinking
 p - a scroll of summoning
Potions
 f - a potion of curing
 g - 2 potions of heal wounds
 h - a potion of haste
 i - 2 potions of magic
 j - a potion of invisibility {unknown}


   Skills:
 * Level 6.8 Fighting
 + Level 7.0 Short Blades
 + Level 5.5 Throwing
 * Level 10.4 Dodging
 * Level 23.1 Stealth
 * Level 5.1 Shields
 * Level 11.8 Evocations


You had 9 spell levels left.
You didn't know any spells.
Your spell library contained the following spells:

 Spells                   Type           Power      Damage    Failure   Level
 Summon Guardian Golem    Hex/Summ       0%         N/A       75%         3
 Cause Fear               Hex            0%         N/A       98%         4
 Dragon Form              Tmut           0%         N/A       100%        7
 Orb of Destruction       Conj           0%         N/A       100%        7
 Spellforged Servitor     Conj/Summ      0%         N/A       100%        7
 Dragon's Call            Summ           0%         N/A       100%        9


Dungeon Overview and Level Annotations

Branches:
Dungeon (1/1)

Altars:
Cheibriados
Dithmenos
Elyvilon
Gozag
Hepliaklqana
Kikubaaqudgha
Makhleb
Nemelex Xobeh
Okawaru
Qazlal
Ru
Sif Muna
Trog
Uskayaw
Vehumet
Wu Jian
Xom
Yredelemnul
Zin
The Shining One
Beogh
Jiyva
Lugonu

Shops:
D :[*[


Innate Abilities, Weirdness & Mutations

You are very small and have problems with some larger weapons.
You are too small for most types of armour.
You have supernaturally acute eyesight. (SInv)
You cover ground extremely quickly. (Speed+++)


Message History

You block the demonic crawler's attack.
The demonic crawler completely misses you.
You block the demonic crawler's attack.
You hit the demonic crawler but do no damage.
The demonic crawler is lightly wounded.
You hit the demonic crawler but do no damage.
The demonic crawler is lightly wounded.
The demonic crawler completely misses you.
The demonic crawler hits you. The demonic crawler closely misses you.
You hit the demonic crawler but do no damage.
The demonic crawler is lightly wounded.
The demonic crawler completely misses you.
You block the demonic crawler's attack. x2
You hit the demonic crawler but do no damage.
The demonic crawler is lightly wounded.
You block the demonic crawler's attack. The demonic crawler hits you!
* * * LOW HITPOINT WARNING * * *
The demonic crawler completely misses you.
You hit the demonic crawler.
The demonic crawler is lightly wounded.
The demonic crawler misses you. You block the demonic crawler's attack.
The demonic crawler completely misses you.
You hit the demonic crawler but do no damage.
The demonic crawler is lightly wounded.
The demonic crawler misses you.
The demonic crawler completely misses you.
You block the demonic crawler's attack.
You hit the demonic crawler but do no damage.
The demonic crawler is lightly wounded.
The demonic crawler completely misses you.
You block the demonic crawler's attack. The demonic crawler hits you!
* * * LOW HITPOINT WARNING * * *
You hit the demonic crawler but do no damage.
The demonic crawler is lightly wounded.
You hit the demonic crawler but do no damage.
The demonic crawler is lightly wounded.
The demonic crawler closely misses you. You block the demonic crawler's attack.
The demonic crawler hits you!
You die...
Your body crumbles into a pile of gold.

#############################
.⌠._._._._.⌠.#..'.))#....##∩#
.._._._._._..'..#...#....'.|#
..._._._._...#..###'##...##∩#$$
.._._._._._..#..##∩∩.'...####
._._._._._.⌠.#############
##################....[.###
♣♣♣♣♣..♣[###.'..@s.(...('.+
.....♣.)♣##..#..#.P.....###
..♣♣♣.♣.!###.##+##.P....#
♣♣..♣...♣'...# ########
##############


You could see a demonic crawler.

Vanquished Creatures
  A spriggan druid (D)
  6 oklob plants (D)
  3 wandering mushrooms (D)
  3 burning bushes (D)
  A queen bee (D)
  A hornet (D)
  4 scorpions (D)
  4 killer bees (D)
  5 oklob saplings (D)
  2 spriggans (D)
  A river rat (D)
  A rat (D)
  A ballistomycete spore (D)
33 creatures vanquished.

Vanquished Creatures (others)
  2 fungi (D)
2 creatures vanquished.

Grand Total: 35 creatures vanquished

Notes
Turn   | Place    | Note
-------+----------+-------------------------------------------
     0 | D        | styxcanada the Spriggan Brigand began the quest for the
                  | Orb.
     0 | D        | Reached XP level 1. HP: 10/10 MP: 2/2
    16 | D        | Reached skill level 7 in Stealth
    16 | D        | Reached XP level 2. HP: 5/15 MP: 3/3
   239 | D        | Noticed an oklob sapling
   241 | D        | Killed an oklob sapling
   242 | D        | Reached skill level 9 in Stealth
   242 | D        | Reached XP level 3. HP: 19/19 MP: 4/4
   243 | D        | Noticed a scorpion
   243 | D        | Found the amulet of invisibility {+Inv}
   245 | D        | Killed a scorpion
   246 | D        | Reached skill level 11 in Stealth
   246 | D        | Reached XP level 4. HP: 23/23 MP: 5/5
   369 | D        | Found an opulent altar of Gozag.
   369 | D        | Found a hazy altar of Hepliaklqana.
   369 | D        | Found a burning altar of Makhleb.
   369 | D        | Found a sparkling altar of Nemelex Xobeh.
   369 | D        | Found a snail-covered altar of Cheibriados.
   369 | D        | Found a sacrificial altar of Ru.
   369 | D        | Found a shimmering blue altar of Sif Muna.
   369 | D        | Found a shimmering altar of Xom.
   369 | D        | Found a basalt altar of Yredelemnul.
   370 | D        | Found a viscous altar of Jiyva.
   370 | D        | Found a bloodstained altar of Trog.
   370 | D        | Found an ornate altar of the Wu Jian Council.
   371 | D        | Found an iron altar of Okawaru.
   371 | D        | Found a shadowy altar of Dithmenos.
   371 | D        | Found a glowing silver altar of Zin.
   372 | D        | Found an ancient bone altar of Kikubaaqudgha.
   372 | D        | Found a hide-covered altar of Uskayaw.
   373 | D        | Found a stormy altar of Qazlal.
   373 | D        | Found a white marble altar of Elyvilon.
   373 | D        | Found a glowing golden altar of the Shining One.
   374 | D        | Became a worshipper of Gozag Ym Sagoz the Greedy
   375 | D        | Found a corrupted altar of Lugonu.
   375 | D        | Found a radiant altar of Vehumet.
   379 | D        | Reached skill level 13 in Stealth
   379 | D        | Reached skill level 1 in Evocations
   379 | D        | Reached XP level 5. HP: 28/28 MP: 3/6
   430 | D        | Reached skill level 5 in Dodging
   444 | D        | Reached skill level 14 in Stealth
   447 | D        | Reached skill level 15 in Stealth
   447 | D        | Reached XP level 6. HP: 33/33 MP: 5/7
   449 | D        | Found Vegekuthry's Armour Shop.
   449 | D        | Found Fuamar's Book Emporium.
   495 | D        | Bought a +0 buckler for 63 gold pieces
   504 | D        | Noticed a burning bush
   504 | D        | Noticed a wandering mushroom
   505 | D        | Noticed a wandering mushroom
   508 | D        | Killed a burning bush
   509 | D        | Reached skill level 16 in Stealth
   509 | D        | Reached skill level 1 in Shields
   509 | D        | Killed a wandering mushroom
   510 | D        | Reached skill level 17 in Stealth
   510 | D        | Reached skill level 5 in Evocations
   510 | D        | Reached XP level 7. HP: 38/38 MP: 5/8
   510 | D        | Killed a wandering mushroom
   511 | D        | Reached skill level 5 in Short Blades
   511 | D        | Reached skill level 5 in Throwing
   511 | D        | Reached skill level 18 in Stealth
   527 | D        | Found Tyimaz's Armour Emporium.
   527 | D        | Found Itaatuo's Assorted Antiques.
   533 | D        | Bought a scroll labelled QUQEUV TUSHRUSAAV for 22 gold
                  | pieces
   533 | D        | Bought a potion of heal wounds for 110 gold pieces
   533 | D        | Bought a scroll of summoning for 209 gold pieces
   533 | D        | Bought a glowing brown potion for 19 gold pieces
   591 | D        | Reached XP level 8. HP: 42/42 MP: 6/9
   597 | D        | Noticed a queen bee
   604 | D        | Killed a queen bee
   605 | D        | Reached skill level 5 in Fighting
   605 | D        | Reached skill level 19 in Stealth
   690 | D        | Noticed an oklob plant
   697 | D        | Killed an oklob plant
   698 | D        | Reached skill level 20 in Stealth
   752 | D        | Noticed a burning bush
   755 | D        | Killed a burning bush
   756 | D        | Reached XP level 9. HP: 47/47 MP: 7/10
   830 | D        | Noticed a burning bush
   830 | D        | Noticed an oklob plant
   831 | D        | Noticed a wandering mushroom
   832 | D        | Killed a burning bush
   837 | D        | Killed an oklob plant
   838 | D        | Reached skill level 21 in Stealth
   842 | D        | Killed a wandering mushroom
   918 | D        | Noticed a spriggan druid
   944 | D        | Killed a spriggan druid
   945 | D        | Reached skill level 22 in Stealth
   945 | D        | Reached skill level 10 in Evocations
   949 | D        | HP: 2/73 [hornet[a spriggan druid] (23)]
  1270 | D        | Noticed an oklob plant conjurer
  1271 | D        | Killed an oklob plant conjurer
  1272 | D        | Reached skill level 10 in Dodging
  1272 | D        | Reached XP level 10. HP: 53/53 MP: 8/11
  1352 | D        | Noticed an oklob plant
  1352 | D        | Noticed an oklob plant summoner
  1353 | D        | Noticed an oklob plant shifter
  1357 | D        | Killed an oklob plant
  1358 | D        | Reached skill level 5 in Shields
  1359 | D        | Killed an oklob plant summoner
  1360 | D        | Reached skill level 23 in Stealth
  1362 | D        | Killed an oklob plant shifter
  1445 | D        | Slain by a demonic crawler

Illustrated notes

Levels and vault maps discovered:
D:        dungeon_sprint_fedhas [sprint_temple]

Skill      XL: |  1  2  3  4  5  6  7  8  9 10 |
---------------+-------------------------------+-----
Fighting       | 2 3 4 5 6 |  6.8
Dodging        | 2 3 4 5 7 8 10 | 10.4
Stealth        | 7 9 11 13 15 17 18 20 22 23 | 23.1
Short Blades   | 3 4 5 6 7 |  7.0
Throwing       | 3 4 5 |  5.5
Evocations     | 1 3 5 6 8 10 11 | 11.8
Shields        | 2 3 4 5 |  5.1

Action                   |  1- 3 |  4- 6 |  7- 9 | 10-12 || total
-------------------------+-------+-------+-------+-------++-------
Melee: Dagger            |     4 |     9 |    59 |    36 ||   108
Throw: Dart              |     9 |       |     5 |     1 ||    15
 Abil: Evoke Invisibilit |       |     3 |     6 |     2 ||    11
  Use: Scroll            |       |     1 |     1 |       ||     2
       Potion            |       |       |     1 |       ||     1
 Stab: Sleeping          |     3 |     6 |     9 |     4 ||    22
       Invisible         |       |     1 |     7 |       ||     8
Armor: Robe              |       |       |       |     3 ||     3
Dodge: Dodged            |     2 |       |    30 |    42 ||    74
Block: Buckler           |       |       |    13 |    27 ||    40
